 Dungeon Crawl Stone Soup version 0.30-a0-222-ge547ba4400 (webtiles) character file.

Game seed: 11665790625849530734

277 qw the Chopper (level 6, -1/37 HPs)
             Began as a Gargoyle Fighter on Oct 8, 2022.
             Slain by an ogre
             ... wielding a +0 giant spiked club
              (13 damage)
             ... on level 4 of the Dungeon.
             The game lasted 00:00:55 (1847 turns).

qw the Chopper (Gargoyle Fighter)                   Turns: 1847, Time: 00:00:56

Health: -1/37      AC: 13    Str: 22    XL:     6   Next: 25%
Magic:  6/6        EV: 11    Int:  8    God:
Gold:   232        SH:  4    Dex:  9    Spells: 5/5 levels left

rFire   . . .      SeeInvis +    Y - +0 war axe
rCold   . . .      Faith    .    c - +0 buckler
rNeg    + . .      Spirit   .    a - +0 chain mail
rPois   inf        Reflect  .    (no helmet)
rElec   +          Harm     .    (no cloak)
rCorr   .          Rampage  .    (no gloves)
Will    .....                    (no boots)
Stlth   ..........               (no amulet)
HPRegen 0.26/turn                e - ring of see invisible
MPRegen 0.10/turn                f - +4 ring of evasion

@: no status effects
A: sickness immunity, AC +4, negative energy resistance 1, electricity
resistance, torment resistance 1, petrification resistance
a: no special abilities


You were on level 4 of the Dungeon.
You visited 1 branch of the dungeon, and saw 4 of its levels.

You collected 232 gold pieces.


Innate Abilities, Weirdness & Mutations

You are immune to sickness and miasma.
Your stone body is resilient. (AC +4)
You are immune to poison.
You resist negative energy. (rN+)
You are resistant to electric shocks. (rElec)
You are resistant to unholy torment.
You are immune to petrification.


   Skills:
 + Level 3.3 Fighting
 - Level 5.8 Axes
 - Level 3.2 Armour
 - Level 3.2 Shields


You had 5 spell levels left.
You didn't know any spells.
Your spell library was empty.

Inventory:

Hand Weapons
 j - a +0 whip
 Y - a +0 war axe (weapon)
Armour
 a - a +0 chain mail (worn)
 c - a +0 buckler (worn)
Jewellery
 e - a ring of see invisible (left hand)
 f - a +4 ring of evasion (right hand)
Scrolls
 i - a scroll of amnesia {unknown}
 k - a scroll of identify
Potions
 b - a potion of brilliance {unknown}
 d - a potion of might
 g - a potion of attraction {unknown}
 h - a potion of resistance {unknown}

Dungeon Overview and Level Annotations

Branches:
Dungeon (4/15)
 Temple: D:4-7

Altars:

Shops:
D:3 (


Message History

(1) D:2 (2) D:3 Assign waypoint to what number? (0-9, D - delete waypoint) Waypoint 1 re-assigned from D:2 to D:4.
Enter note: The dart slug launches a dart at you.
The slug dart misses you.
You completely miss the dart slug. You hit the dart slug.
The dart slug is heavily wounded.
The dart slug launches a dart at you.
The slug dart hits you but does no damage.
You hit the dart slug.
You kill the dart slug!
You now have 212 gold pieces (gained 17).
Found a stone staircase leading up.
Enter note: You now have 232 gold pieces (gained 20).
A kobold comes into view. It is wielding a +0 short sword.
The kobold shouts!
You hear a shout!
You see here a scroll labelled URYET SIOMIOKH.
An ogre comes into view. It is wielding a +0 giant spiked club.
1825 ||| Stepping ~*~*~tactically~*~*~ (stealth).
The kobold attacks as you move away! The kobold hits you but does no damage.
You slash the kobold!
You kill the kobold!
1827 ||| Stepping ~*~*~tactically~*~*~ (stealth).
You see here a +0 short sword.
i - a scroll labelled URYET SIOMIOKH
1831 ||| Stepping ~*~*~tactically~*~*~ (stealth).
An ogre is nearby!
1836 ||| Stepping ~*~*~tactically~*~*~ (stealth).
An ogre is nearby!
The ogre shouts!
You barely miss the ogre.
The ogre hits you with a +0 giant spiked club!!
Ouch! That really hurt!
You slash the ogre!
The ogre is moderately wounded.
The ogre hits you with a +0 giant spiked club!
You die...

.............#
............###
........).....##
...............#
........##.....#
......###...#.##
).##..#....##..##
....<...........##
........#......O@#
.....##.#.....##..#
..............#..##
.....#.........###
.....# ........
....... ....... ...


You could see an ogre.

Vanquished Creatures
  Grinder (D:3)
  Jessica (D:3)
  An adder (D:2)
  A worm (D:2)
  A dart slug (D:4)
  3 orcs (D:3)
  3 ball pythons
  2 bats (D:1)
  7 endoplasms
  4 giant cockroaches
  10 goblins
  3 hobgoblins
  4 jackals (D:1)
  3 frilled lizards
  4 kobolds
  6 rats
54 creatures vanquished.

Notes
Turn   | Place    | Note
-------+----------+-------------------------------------------
     0 | D:1      | qw the Gargoyle Fighter began the quest for the Orb.
     0 | D:1      | Reached XP level 1. HP: 14/14 MP: 1/1
     0 | D:1      | 0 ||| qw: Version: 0.2-a-17-g06abaee
     0 | D:1      | 0 ||| qw: Game counter: 2033
     0 | D:1      | 0 ||| qw: Always use a shield: true
     0 | D:1      | 0 ||| qw: God list: Okawaru
     0 | D:1      | 0 ||| qw: Allow faded altars: false
     0 | D:1      | 0 ||| qw: Do Orc after D:15 true
     0 | D:1      | 0 ||| qw: Do second Lair branch before Depths: true
     0 | D:1      | 0 ||| qw: Lair rune preference: random
     0 | D:1      | 0 ||| qw: Plans: Normal, Zot:1-4, God:TSO, Crypt, Tomb,
                  | Pan, Slime:5, Hells, Abyss, Orb
     0 | D:1      | 0 ||| PLANNING D:1-11
    27 | D:1      | 27 ||| Stepping ~*~*~tactically~*~*~ (stealth).
    28 | D:1      | 28 ||| Stepping ~*~*~tactically~*~*~ (stealth).
    32 | D:1      | 32 ||| Stepping ~*~*~tactically~*~*~ (stealth).
   123 | D:1      | Reached skill level 2 in Axes
   130 | D:1      | 130 ||| Stepping ~*~*~tactically~*~*~ (stealth).
   131 | D:1      | 131 ||| Stepping ~*~*~tactically~*~*~ (stealth).
   140 | D:1      | Reached XP level 2. HP: 16/19 MP: 2/2
   251 | D:1      | Found a faded altar of an unknown god.
   268 | D:1      | Reached skill level 3 in Axes
   314 | D:1      | Reached XP level 3. HP: 23/23 MP: 3/3
   326 | D:1      | 326 ||| Stepping ~*~*~tactically~*~*~ (stealth).
   480 | D:1      | 480 ||| DROPPING +0 club.
   622 | D:1      | 622 ||| READING scroll labelled EPSAG UWNO.
   623 | D:1      | 623 ||| READING scroll labelled TAQIEP FUFFE.
   624 | D:1      | 624 ||| DRINKING 2 grey potions.
   625 | D:1      | 625 ||| DROPPING potion of degeneration.
   660 | D:2      | 660 ||| STAIRDANCE
   671 | D:2      | 671 ||| STAIRDANCE
   968 | D:2      | Reached XP level 4. HP: 28/28 MP: 4/4
  1187 | D:2      | 1187 ||| UPGRADING to +0 chain mail.
  1197 | D:2      | 1197 ||| DROPPING +0 scale mail.
  1198 | D:2      | 1198 ||| UPGRADING to ring of see invisible.
  1199 | D:2      | 1199 ||| READING scroll labelled XALLICASCHOA.
  1200 | D:2      | 1200 ||| READING scroll labelled XACOOD PIFEONN.
  1259 | D:3      | Noticed Jessica
  1260 | D:3      | 1260 ||| Stepping ~*~*~tactically~*~*~ (hiding).
  1275 | D:3      | 1275 ||| Stepping ~*~*~tactically~*~*~ (hiding).
  1278 | D:3      | Killed Jessica
  1279 | D:3      | Reached skill level 4 in Axes
  1352 | D:3      | 1352 ||| Stepping ~*~*~tactically~*~*~ (stealth).
  1399 | D:3      | Found Olosex Amone's Weapon Shoppe.
  1474 | D:3      | 1474 ||| Stepping ~*~*~tactically~*~*~ (stealth).
  1696 | D:3      | Noticed Grinder
  1697 | D:3      | 1697 ||| Stepping ~*~*~tactically~*~*~ (hiding).
  1698 | D:3      | 1698 ||| Stepping ~*~*~tactically~*~*~ (hiding).
  1705 | D:3      | Paralysed by Grinder for 4 turns
  1713 | D:3      | Paralysed by Grinder for 5 turns
  1720 | D:3      | 1720 ||| Stepping ~*~*~tactically~*~*~ (hiding).
  1721 | D:3      | 1721 ||| Stepping ~*~*~tactically~*~*~ (hiding).
  1722 | D:3      | 1722 ||| Stepping ~*~*~tactically~*~*~ (hiding).
  1735 | D:3      | Paralysed by Grinder for 2 turns
  1738 | D:3      | Killed Grinder
  1739 | D:3      | Reached skill level 5 in Axes
  1739 | D:3      | Reached XP level 5. HP: 30/32 MP: 5/5
  1739 | D:3      | Reached XP level 6. HP: 35/37 MP: 6/6
  1773 | D:3      | 1773 ||| UPGRADING to +4 ring of evasion.
  1774 | D:3      | 1774 ||| READING scroll labelled OHIMYPUDDO.
  1775 | D:3      | 1775 ||| READING scroll labelled MULU QAECUI.
  1825 | D:4      | 1825 ||| Stepping ~*~*~tactically~*~*~ (stealth).
  1827 | D:4      | 1827 ||| Stepping ~*~*~tactically~*~*~ (stealth).
  1831 | D:4      | 1831 ||| Stepping ~*~*~tactically~*~*~ (stealth).
  1836 | D:4      | 1836 ||| Stepping ~*~*~tactically~*~*~ (stealth).
  1847 | D:4      | Slain by an ogre

Levels and vault maps discovered:
D:1:      dpeg_arrival_castle, layout_basic,
          ebering_ecumenical_altar_sacrificial
D:2:      layout_rooms
D:3:      layout_rooms, serial_shops, nicolae_shop_stone, uniq_jessica,
          uniq_grinder
D:4:      minmay_wonky_spiral, layout_cave_pools

Skill      XL: |  1  2  3  4 |
---------------+-------------+-----
Axes           | 2 3 5 |  5.8
Fighting       | |  3.3
Armour         | |  3.2
Shields        | |  3.2

Action                   |  1- 3 |  4- 6 || total
-------------------------+-------+-------++-------
Melee: War axe           |    80 |    75 ||   155
Throw: Boomerang         |    33 |       ||    33
  Use: Scroll            |     2 |     4 ||     6
       Potion            |     1 |       ||     1
Armor: Scale mail        |    32 |     6 ||    38
       Chain mail        |       |    26 ||    26
Dodge: Dodged            |    50 |    14 ||    64
Block: Buckler           |    13 |    11 ||    24

Table legend:
 A = Non-vault XP
 B = Vault XP
 C = Vault XP percentage of total XP
 D = Non-vault monster count
 E = Vault monster count
 F = Vault count percentage of total count
                 A         B        C        D         E       F
            +---------+---------+-------+---------+---------+-------
      Total |     110 |     286 |  72.2 |      52 |       2 |   3.7
            +---------+---------+-------+---------+---------+-------
        D:1 |      56 |       0 |   0.0 |      31 |       0 |   0.0
        D:2 |      31 |       0 |   0.0 |      11 |       0 |   0.0
        D:3 |      18 |     286 |  94.1 |       8 |       2 |  20.0
        D:4 |       5 |       0 |   0.0 |       2 |       0 |   0.0
            +---------+---------+-------+---------+---------+-------
